 Dungeon Crawl Stone Soup version 0.18-a0-1400-g0ef5d54 (webtiles) character file.

63 Oddball22 the Sneak (level 3, 0/17 HPs)
             Began as a Spriggan Artificer on Feb 24, 2016.
             Slain by an adder (3 damage)
             ... on level 2 of the Dungeon.
             The game lasted 00:03:22 (1703 turns).

Oddball22 the Sneak (Spriggan Artificer)            Turns: 1703, Time: 00:03:23

Health: 0/17       AC:  2    Str:  7    XL:     3   Next: 87%
Magic:  7/7        EV: 19    Int: 13    God:
Gold:   33         SH:  0    Dex: 17    Spells: 0 memorised, 2 levels left

rFire  . . .     SeeInvis +     a - +0 short sword
rCold  . . .     Gourm    .     b - +0 robe
rNeg   . . .     Faith    .     (shield restricted)
rPois  .         Spirit   .     (helmet restricted)
rElec  .         Dismiss  .     (no cloak)
rCorr  .         Reflect  .     (gloves unavailable)
SustAt .         Harm     .     (boots unavailable)
MR     .....                    (no amulet)
Stlth  +++.......               (no ring)
                                (no ring)

@: lethally poisoned (0 -> -8), very quick, not resistant to hostile
enchantments, fairly stealthy
A: unfitting armour, see invisible, herbivore 3, speed 3, slow metabolism 2
a: no special abilities


You were on level 2 of the Dungeon.
You were not hungry.

You visited 1 branch of the dungeon, and saw 2 of its levels.

You collected 33 gold pieces.

Inventory:

Hand Weapons
 a - a +0 short sword (weapon)
 j - a +0 spear of piercing
Armour
 b - a +0 robe (worn)
Wands
 c - a wand of flame (14/48)
 d - a wand of enslavement (15/24)
 e - a wand of random effects (15/48)
Scrolls
 g - 4 scrolls of identify
 k - a scroll of fog {unknown}
Potions
 h - a potion of curing {unknown}
 i - a potion of degeneration {unknown}
Comestibles
 f - 2 bread rations


   Skills:
 - Level 0.7 Fighting
 + Level 2.4 Short Blades
 + Level 3.8 Dodging
 * Level 4.3 Stealth
 - Level 4.0 Evocations


You had 2 spell levels left.
You didn't know any spells.

Dungeon Overview and Level Annotations

Branches:
Dungeon (2/15)

Altars:


Innate Abilities, Weirdness & Mutations

You are tiny and cannot use many weapons and most armour.
You have supernaturally acute eyesight.
You are an herbivore.
You cover ground extremely quickly.
You need consume almost no food.


Message History

The adder is severely wounded.
The adder completely misses you. The adder bites you.
You hit the adder.
The adder is almost dead.
You feel sick. The adder bites you.
* * * LOW HITPOINT WARNING * * *
You are more poisoned.
The adder poisons you!
You completely miss the adder.
The adder is almost dead.
The adder bites you but does no damage.
You closely miss the adder.
The adder is almost dead.
* * * LOW HITPOINT WARNING * * *
You feel sick. The adder closely misses you. The adder completely misses you.
You closely miss the adder.
The adder is almost dead.
* * * LOW HITPOINT WARNING * * *
You feel sick. The adder bites you.
You die...

.# #...#..#.###................
.# #.#....#...#..#.............
## #.####.................(..## #
#.##.......................#
######....###.##................#
##....).### #.##.................
##.###### #.....#...........%## #
# ###..S.#.#...#.###### ##.#
#....@.#.รท..)..# ...#
##................# .#
###..............##.... ##
##................# ####
########..#...#..........#
#........[#.###.......).[#
..##........# #..........#
.############ #..........# ##
#....####(


You could see an adder.

Vanquished Creatures
  2 adders
  3 dart slugs (D:1)
  A ball python (D:1)
  3 bats
  2 giant cockroaches (D:1)
  6 goblins
  4 hobgoblins
  2 quokkas (D:2)
  5 giant newts
  6 kobolds
  2 rats
36 creatures vanquished.

Notes
Turn   | Place    | Note
--------------------------------------------------------------
     0 | D:1      | Oddball22 the Spriggan Artificer began the quest for the Orb.
     0 | D:1      | Reached XP level 1. HP: 9/9 MP: 4/4
   290 | D:1      | Reached XP level 2. HP: 14/14 MP: 6/6
   930 | D:1      | Reached XP level 3. HP: 17/17 MP: 7/7
  1703 | D:2      | Slain by an adder

Vault maps used:
D:1:      lemuel_arrival_river_bridge

Skill      XL: |  1  2  3 |
---------------+----------+-----
Stealth        | 2 3 4 |  4.3
Short Blades   | 2 |  2.4
Fighting       | |  0.7
Dodging        | |  3.8
Evocations     | |  4.0

Action                   || total
-------------------------++-------
Melee: Short sword       ||    31
       Spear             ||    93
Evoke: Wand              ||     1
  Use: Scroll            ||     1
 Stab: Sleeping          ||    14
